 Dungeon Crawl Stone Soup version 0.31.0-11-ge490571c62 (webtiles) character file.

Game seed: 2782128561814480621

264783 PieDemon the Corrupter of Planes (level 19, -11/155 HPs)
             Began as a Formicid Artificer on Feb 4, 2024.
             Was the Champion of Lugonu.
             Killed by the air
             ... invoked by a spriggan air mage
              (24 damage)
             ... on level 3 of the Depths.
             The game lasted 02:38:14 (30803 turns).

PieDemon the Corrupter of Planes (FoAr)            Turns: 30803, Time: 02:38:15

Health: -11/155    AC: 25    Str: 37    XL:     19   Next: 91%
Magic:  1/34       EV: 10    Int: 13    God:    Lugonu [******]
Gold:   1303       SH: 23    Dex: 20    Spells: 18/18 levels left

rFire   . . .        a - +9 lajatang (distort)
rCold   . . .        O - +0 tower shield of Udiepimukh {Str+5}
rNeg    . . .        J - +3 plate armour
rPois   +            (helmet unavailable)
rElec   +            g - +2 cloak {rPois}
rCorr   .            A - +2 pair of gloves of the Rose {rElec}
SInv    +            i - +1 pair of boots
Will    +....        s - amulet of Iteostru {^Fragile Regen+ Int+3 Dex+6} Stlth
                     X - ring of Shadows {Umbra +Inv Stlth+}
HPRegen 1.25/turn    Q - +6 ring of strength
MPRegen 0.24/turn

%: no passive effects
@: wreathed by umbra
A: permanent stasis, dig shafts and tunnels, antennae 3, four strong arms
}: 2/15 runes: decaying, serpentine
a: Dig, Shaft Self, Renounce Religion, Evoke Invisibility, Depart the Abyss,
Banish, Corrupt, Enter the Abyss


You were on level 3 of the Depths.
You worshipped Lugonu.
Lugonu was exalted by your worship.
You visited 6 branches of the dungeon, and saw 34 of its levels.
You visited the Abyss 1 time.
You also visited: Bailey and Gauntlet.

You collected 3175 gold pieces.
You spent 1872 gold pieces at shops.

Inventory:

Hand Weapons
 a - a +9 lajatang of distortion (weapon)
 Y - the +5 scythe "Finisher" {speed, execute}
   (You found it on level 15 of the Dungeon)
Missiles
 c - a throwing net
 j - 14 curare-tipped darts
 r - 5 silver javelins
 H - 8 javelins
 K - 26 boomerangs
 M - 5 atropa-tipped darts
Armour
 g - a +2 cloak of poison resistance (worn)
 i - a +1 pair of boots (worn)
 A - the +2 pair of gloves of the Rose (worn) {rElec}
   (You found it on level 11 of the Dungeon)

   rElec:     It insulates you from electricity.
 J - a +3 plate armour (worn)
 O - the +0 tower shield of Udiepimukh (worn) {Str+5}
   (You took it off an orc on level 7 of the Dungeon)

   Str+5:     It affects your strength (+5).
Jewellery
 p - a +5 ring of evasion
 s - the amulet of Iteostru (around neck) {^Fragile Regen+ Int+3 Dex+6}
   (You took it off a minotaur in a Gauntlet)

   [amulet of regeneration]

   Int+3:     It affects your intelligence (+3).
   Dex+6:     It affects your dexterity (+6).
   Regen+:    It increases your rate of health regeneration.
   ^Fragile:  It will be destroyed if unequipped.
 F - a ring of fire
 G - a ring of protection from cold
 L - a ring of flight
 N - an amulet of reflection
 Q - a +6 ring of strength (right hand)
 R - a ring of positive energy
 X - the ring of Shadows (left hand) {Umbra +Inv Stlth+}
   (You found it in a Gauntlet)

   [ring of stealth]

   Umbra:     It surrounds you with an aura of shadow, increasing your stealth
   and reducing the accuracy of all others within it.
   +Inv:      It lets you turn invisible.
   Stlth+:    It makes you more stealthy.
Wands
 d - a wand of charming (19)
 e - a wand of iceblast (8)
 D - a wand of polymorph (6)
 E - a wand of mindburst (14)
 I - a wand of digging (10)
 P - a wand of light (10)
 W - a wand of flame (28)
Scrolls
 h - a scroll of noise
 l - 3 scrolls of immolation
 w - 4 scrolls of fear
 z - 5 scrolls of poison
 C - 3 scrolls of fog
 S - 2 scrolls of silence
 V - a scroll of brand weapon
Potions
 b - 2 potions of magic
 f - 2 potions of lignification
 m - 3 potions of mutation
 n - 9 potions of curing
 o - 4 potions of enlightenment
 q - 3 potions of might
 t - 5 potions of attraction
 u - a potion of heal wounds
 v - 5 potions of resistance
 x - 2 potions of invisibility
 y - 2 potions of cancellation
 B - 4 potions of brilliance
Miscellaneous
 k - a phantom mirror
 T - a sack of spiders


   Skills:
 + Level 15.3 Fighting
 - Level 0.1(0.9) Axes
 - Level 1.5(9.1) Maces & Flails
 - Level 13.9(14.0) Staves
 - Level 7.0 Armour
 - Level 4.0 Dodging
 - Level 2.0 Stealth
 + Level 21.2 Shields
 * Level 23.8 Invocations
 - Level 8.0 Evocations


You had 18 spell levels left.
You didn't know any spells.
Your spell library contained the following spells:

 Spells                   Type           Power      Damage    Failure   Level
 Freeze                   Ice            0%         1d3       94%         1
 Shock                    Conj/Air       0%         1d3       94%         1
 Frozen Ramparts          Ice            0%         1d1       100%        3
 Gell's Gravitas          Tloc           0%         N/A       100%        3
 Hailstorm                Conj/Ice       0%         3d5       100%        3
 Inner Flame              Hex/Fire       0%         N/A       100%        3
 Ozocubu's Armour         Ice            0%         N/A       100%        3
 Teleport Other           Tloc           0%         N/A       100%        3
 Tukima's Dance           Hex            0%         N/A       100%        3
 Cause Fear               Hex            0%         N/A       100%        4
 Flame Wave               Conj/Fire      0%         2d4       100%        4
 Leda's Liquefaction      Alch/Erth      0%         N/A       100%        4
 Passage of Golubria      Tloc           0%         N/A       100%        4
 Petrify                  Alch/Erth      0%         N/A       100%        4
 Arcjolt                  Conj/Air       0%         1d10      100%        5
 Fireball                 Conj/Fire      0%         3d3       100%        5
 Irradiate                Conj/Alch      0%         3d11      100%        5
 Lee's Rapid Deconstruct  Erth           0%         3d4*      100%        5
 Metabolic Englaciation   Hex/Ice        0%         N/A       100%        5
 Yara's Violent Unravell  Hex/Alch       0%         3d3       100%        5
 Bombard                  Conj/Erth      0%         9d1       100%        6
 Conjure Ball Lightning   Conj/Air       0%         3x3d6     100%        6
 Dispersal                Tloc           0%         N/A       100%        6
 Plasma Beam              Fire/Air       0%         2x1d10    100%        6
 Sculpt Simulacrum        Ice/Alch       0%         N/A       100%        6
 Discord                  Hex            0%         N/A       100%        8
 Disjunction              Tloc           0%         N/A       100%        8
 Ignition                 Fire           0%         3d3       100%        8
 Dragon's Call            Summ           0%         N/A       100%        9
 Vhi's Electric Charge    Tloc/Air       Unusable   N/A       N/A         4

Dungeon Overview and Level Annotations

Branches:
Dungeon (15/15)            Temple (0/1) D:6            Lair (5/5) D:8
  Swamp (4/4) Lair:2        Snake (4/4) Lair:2        Slime (0/5) Lair:5
    Orc (2/2) D:11            Elf (0/3) Orc:2        Vaults (0/5) D:13
 Depths (4/4) D:15            Zot (0/5) Depths:4     Bailey (visited)
Gauntlet (visited)

Altars:
Dithmenos
Elyvilon
Gozag
Ru
Wu Jian
Xom
Yredelemnul
Zin
Lugonu

Shops:
D:1 *   D:3 :   D:14 ?   D:15 **   Orc:2 [*(:   Depths:3 (?!

Portals:
Hell: Depths:4
Abyss: Depths:3

Annotations:
D:1 exclusion: downstairs
D:4 exclusion: bombardier beetle
D:5 exclusion: 3 killer bees
D:6 2 runed translucent doors, exclusion: downstairs
D:9 exclusion: acid dragon
D:10 exclusions: acid dragon and cyclops
D:14 3 runed translucent doors, Opnastoc's ghost, journeyman MiBe
Lair:1 exclusion: downstairs
Lair:3 exclusion: oklob plant
Lair:4 1 runed translucent door
Lair:5 1 runed translucent door, Feocw's ghost, journeyman TrSh
Swamp:1 3 runed translucent doors, Agye's ghost, adept MiBe; KCGemini's ghost, journeyman FeBe
Swamp:3 1 exclusion
Swamp:4 corrupted
Snake:3 Roxanne
Depths:4 corrupted, exclusion: upstairs


Innate Abilities, Weirdness & Mutations

You cannot be hasted, slowed, berserked, paralysed or teleported.
You can dig through walls and to a lower floor.
You have a pair of large antennae on your head. (SInv)
Your four strong arms can wield two-handed weapons with a shield.


Message History

You block the elephant's attack. x2
The spriggan rider hits you but does no damage.
Unknown command.
Okay, then.
Okay, then.
Okay, then.
Unknown command.
Okay, then.
Unknown command.
Okay, then.
Okay, then.
Unknown command.
Press: ? - help, v - describe, . - travel, g - get item
Here: a spriggan berserker, wielding a +0 antimagic war axe and wearing a +0 animal skin (translocational energy, berserk, regenerating, strong-willed, umbra)
Items here: $ ) [ †.
The floor, spattered with blood.
Unknown command.
You block the spriggan berserker's attack.
The elephant tramples you but does no damage.
You block the elephant's attack. You block the spriggan rider's attack.
You block the spriggan berserker's attack.
You begin to dig a shaft.
You continue digging a shaft.
The elephant tramples you!
* * * LOW HITPOINT WARNING * * *
You stumble backwards!
You stop digging.
You block the elephant's attack.
The elephant trunk-slaps you but does no damage.
Press: ? - help, v - describe, . - travel
Here: a spriggan air mage, wielding a +0 dagger and wearing a +0 robe (repelling missiles, umbra)
The floor, spattered with blood.
Aiming: Charm
Press: ? - help, Shift-Dir - straight line, f - elephant
Aim: an elephant (summoned, berserk, umbra, chance to affect: 32%)
Okay, then.
You extend your mandibles.
The elephant tramples you!
* * * LOW HITPOINT WARNING * * *
You stumble backwards!
You stop digging.
The spriggan air mage waves its arms in wide circles.
The air twists around and strikes you!!
You die...

......#'### #.#
......#.# #.#
......#.# #.#
......#.#####.####
......+..........#
......##.#######.##
......##.# ####..#
......##.# #...).#
########.###..#.@)##
{ #.##..#...Yi## {
#....#..###i.#
....#..#..§#..# .
#..#.i{.#.#
#...∩...#.#
#....#..#.#
..#...#..# #
#..###..#.


You could see an elephant (summoned, berserk), a spriggan berserker (berserk,
regenerating, strong-willed) and a spriggan air mage (repels missiles).

Vanquished Creatures
  Bai Suzhen (Snake:3)
  A golden dragon (Depths:4)
  2 liches
  Jorgrun (Snake:3)
  2 thorn hunters (Swamp:4)
  2 frost giants (Depths:1)
  3 fire giants
  3 nagarajas (Snake:4)
  An orc warlord (Orc:2)
  A draconian stormcaller (Depths:4)
  A reaper (D:15)
  8 very ugly things
  2 stone giants
  Nessos (D:13)
  A deep elf demonologist (Depths:3)
  2 eleionomae
  A white draconian (Depths:4)
  A red draconian (Depths:4)
  A yellow draconian (Depths:4)
  Azrael (D:15)
  A minotaur (Gauntlet)
  3 spark wasps (Depths:2)
  2 bunyips (Swamp:3)
  2 shambling mangroves
  4 ettins
  A salamander tyrant (Snake:4)
  9 hydras
  A vault guard (D:13)
  3 ghost crabs
  An ironbound frostheart (D:13)
  A catoblepas (Lair:3)
  2 anacondas
  7 alligators
  A death knight (D:14)
  3 boulder beetles
  A centaur warrior (D:15)
  4 two-headed ogres
  14 naga warriors
  3 deep troll shamans
  6 death yaks (Lair:5)
  A tengu warrior (D:15)
  A deep troll earth mage (Depths:1)
  A shock serpent (Snake:2)
  2 vampire magi (Depths:4)
  An orc high priest (Orc:2)
  7 naga sharpshooters
  An occultist (Depths:3)
  4 spriggan berserkers
  A wretched star (Abyss:3)
  A fire crab (Lair:3)
  Amaemon (D:11)
  An iron troll (Depths:2)
  A glowing orange brain (Depths:4)
  6 deep trolls
  4 goliath frogs
  6 salamander mystics
  11 skeletal warriors
  2 arcanists (Gauntlet)
  2 spriggan druids
  2 swamp dragons
  3 mana vipers
  2 orc knights (Orc:2)
  3 phantasmal warriors
  4 bog bodies
  4 cyclopes
  4 wolf spiders
  4 orc sorcerers (Orc:2)
  Maurice (D:8)
  3 manticores
  6 salamanders
  27 ugly things
  A salamander (shapeshifter) (D:15)
  4 kobold blastminers
  5 slime creatures (D:15)
  A meliai (D:5)
  4 will-o-the-wisps
  2 guardian serpents
  An orange demon (D:11)
  23 black mambas
  12 elephants
  10 naga magi
  3 gargoyles
  14 cane toads
  A torpor snail (Lair:4)
  2 kobold demonologists (D:13)
  4 freezing wraiths
  2 rime drakes (Lair:5)
  8 komodo dragons
  2 tengu conjurers (Depths:1)
  2 ice devils (Lair:5)
  12 trolls
  7 tyrant leeches
  A polar bear (Lair:2)
  19 blink frogs
  Prince Ribbit (Lair:1)
  A bloated husk (Swamp:4)
  9 hornets
  2 glass eyes
  9 dream sheep
  A shadow (D:13)
  2 wraiths (D:14)
  A vampire (D:13)
  44 yaks
  6 basilisks
  5 spriggans
  17 wyverns
  A hog (D:11)
  2 water elementals
  3 fire bats (Lair:1)
  6 fire elementals
  2 humans (D:13)
  3 redbacks (Lair:5)
  16 vampire mosquitoes
  A warg (shapeshifter) (D:15)
  4 wargs
  A chaos spawn (Abyss:3)
  A steam dragon (Gauntlet)
  25 nagas
  6 small abominations (Gauntlet)
  9 swamp worms
  19 water moccasins
  3 hell hounds (D:15)
  3 acid dragons
  7 swamp drakes
  A sky beast (D:8)
  3 black bears
  29 orc warriors
  An ice beast (D:7)
  5 ogres
  4 boggarts (Lair:2)
  6 wolves
  5 centaurs
  6 kobold brigands
  12 bullfrogs
  A gnoll sergeant (D:8)
  A scorpion (D:6)
  8 killer bees
  3 electric eels (D:8)
  2 jellies (D:6)
  5 howler monkeys
  7 hounds
  14 orc priests
  Jessica (D:2)
  5 iguanas
  21 orc wizards
  5 gnolls
  4 adders
  2 shadow imps
  3 white imps
  2 dart slugs
  A ribbon worm (D:7)
  45 orcs
  A bat (D:2)
  4 endoplasms
  2 giant cockroaches
  9 goblins
  10 hobgoblins
  A quokka (D:1)
  9 ball pythons
  A frilled lizard (D:2)
  32 kobolds
  11 rats
854 creatures vanquished.

Vanquished Creatures (collateral kills)
  A vampire mosquito (Swamp:2)
  A naga (Snake:4)
  An orc warrior (Bailey)
  An orc wizard (D:7)
  3 gnolls (D:7)
  3 orcs (D:7)
  A goblin (Bailey)
  2 kobolds
13 creatures vanquished.

Vanquished Creatures (others)
  A bone dragon (Depths:4)
  A thorn hunter (Swamp:4)
  A storm dragon (Depths:4)
  A draconian scorcher (Depths:4)
  A draconian annihilator (Depths:4)
  A black draconian (Depths:4)
  A yellow draconian (Depths:4)
  A red draconian (Depths:4)
  An ice dragon (Depths:4)
  A fire dragon (Depths:4)
  A shambling mangrove (Swamp:4)
  A rakshasa (Depths:4)
  7 hydras (Swamp:4)
  A ghost crab (Swamp:4)
  A spriggan berserker (Swamp:4)
  2 spriggans (Swamp:4)
  A spriggan druid (Swamp:4)
  8 swamp dragons (Swamp:4)
  3 bog bodies (Swamp:4)
  A salamander (Snake:4)
  An orc knight (Orc:2)
  3 bloated husks
  3 tyrant leeches
  A hornet (Swamp:4)
  A culicivora (shapeshifter) (Depths:4)
  A swamp worm (Lair:2)
  An orc warrior (D:7)
  4 swamp drakes (Swamp:4)
  A hound (D:6)
  2 orc priests (D:5)
  14 foxfires
  16 starspawn tentacles
84 creatures vanquished.

Grand Total: 951 creatures vanquished

Notes
Turn   | Place    | Note
-------+----------+-------------------------------------------
     0 | D:1      | PieDemon the Formicid Artificer began the quest for the
                  | Orb.
     0 | D:1      | Reached XP level 1. HP: 15/15 MP: 1/1
    56 | D:1      | Reached skill level 1 in Dodging
   139 | D:1      | Reached XP level 2. HP: 21/21 MP: 2/2
   149 | D:1      | Reached skill level 1 in Maces & Flails
   413 | D:1      | Found Pengadgh's General Store.
   497 | D:1      | Reached XP level 3. HP: 26/26 MP: 3/3
   888 | D:2      | Noticed Jessica
   965 | D:2      | Killed Jessica
   966 | D:2      | Reached skill level 1 in Staves
   966 | D:2      | Reached XP level 4. HP: 30/33 MP: 4/4
  1444 | D:3      | Found Huirupoguj's Book Shoppe.
  1504 | D:3      | Found a faded altar of an unknown god.
  1512 | D:3      | Prayed at the altar of an unknown god.
  1512 | D:3      | Became a worshipper of Lugonu the Unformed
  1512 | D:3      | Reached * piety under Lugonu
  1955 | D:3      | Reached XP level 5. HP: 36/38 MP: 5/5
  2110 | D:4      | Reached skill level 1 in Invocations
  2449 | D:4      | Reached XP level 6. HP: 36/44 MP: 5/7
  2851 | D:5      | Entered Level 5 of the Dungeon
  2858 | D:5      | Identified the +3 leather armour "Xanul" {Rampage rC-
                  | Stlth+}
  3146 | D:5      | Noticed Edmund
  3147 | D:5      | Edmund changed into Edmund the meliai
  3147 | D:5      | Noticed Edmund
  3150 | D:5      | Killed Edmund the meliai
  3150 | D:5      | Reached ** piety under Lugonu
  3151 | D:5      | Reached skill level 3 in Invocations
  3151 | D:5      | Reached skill level 5 in Evocations
  3151 | D:5      | Reached XP level 7. HP: 34/50 MP: 7/9
  3564 | D:5      | Reached skill level 5 in Staves
  3831 | D:5      | Reached skill level 4 in Invocations
  3831 | D:5      | Reached XP level 8. HP: 45/56 MP: 9/11
  4171 | D:6      | Found a shadowy altar of Dithmenos.
  4553 | D:6      | Found a staircase to the Ecumenical Temple.
  4568 | D:6      | Identified the +0 ring mail of Broken Taboos {Dex+5}
  4706 | D:6      | Found a runed translucent door.
  4708 | D:6      | Found a runed translucent door.
  5129 | D:6      | Found a sacrificial altar of Ru.
  5370 | D:6      | Reached skill level 5 in Invocations
  5757 | D:7      | Found a flagged portal.
  5772 | D:7      | Reached XP level 9. HP: 35/61 MP: 11/13
  5826 | Bailey   | Entered a bailey
  6079 | Bailey   | Reached skill level 6 in Invocations
  6845 | D:1      | Bought a +1 lajatang of electrocution for 445 gold pieces
  7473 | D:7      | Identified the +0 tower shield of Udiepimukh {Str+5}
  7939 | D:8      | Reached skill level 1 in Shields
  7961 | D:8      | Found a glowing silver altar of Zin.
  8009 | D:8      | Noticed Maurice
  8040 | D:8      | Something stole a staff of earth
  8054 | D:8      | Maurice stole a ring of flight
  8058 | D:8      | Maurice stole 121 gold
  8060 | D:8      | Maurice stole 93 gold
  8061 | D:8      | Maurice stole 152 gold
  8067 | D:8      | Killed Maurice
  8068 | D:8      | Reached XP level 10. HP: 32/67 MP: 2/15
  8179 | D:8      | Reached skill level 7 in Invocations
  8524 | D:8      | Reached *** piety under Lugonu
  8525 | D:8      | Reached skill level 5 in Shields
  8660 | D:8      | Found an ornate altar of the Wu Jian Council.
  8666 | D:8      | Found a shimmering altar of Xom.
  8671 | D:8      | Found a basalt altar of Yredelemnul.
  8929 | D:8      | Found a staircase to the Lair.
  9274 | D:9      | Noticed a two-headed ogre
  9280 | D:9      | Banished a two-headed ogre
  9281 | D:9      | Reached skill level 10 in Staves
  9645 | D:9      | Found an opulent altar of Gozag.
 10210 | D:10     | Entered Level 10 of the Dungeon
 10411 | D:10     | Reached XP level 11. HP: 74/74 MP: 16/16
 10535 | D:10     | Noticed Erolcha
 10536 | D:10     | Erolcha changed into Erolcha the wyvern
 10536 | D:10     | Noticed Erolcha
 10550 | D:10     | Killed Erolcha the wyvern
 11191 | D:10     | Noticed a cyclops
 11521 | Lair:1   | Entered Level 1 of the Lair of Beasts
 11664 | Lair:1   | Noticed Prince Ribbit
 11753 | Lair:1   | Killed Prince Ribbit
 12439 | Lair:1   | Reached skill level 5 in Fighting
 12815 | Lair:2   | Noticed a boulder beetle
 12868 | Lair:2   | Found a staircase to the Swamp.
 13074 | Lair:2   | Reached skill level 10 in Shields
 13148 | Lair:2   | Found a gate leading to a gauntlet.
 13153 | Gauntlet | Entered a Gauntlet
 13153 | Gauntlet | Found a transporter.
 13161 | Gauntlet | Found a transporter.
 13163 | Gauntlet | Found a transporter.
 13177 | Gauntlet | Found a transporter.
 13179 | Gauntlet | Found a transporter.
 13188 | Gauntlet | Found a transporter.
 13203 | Gauntlet | Noticed an arcanist
 13204 | Gauntlet | Found a transporter.
 13209 | Gauntlet | Noticed an arcanist
 13214 | Gauntlet | Found a transporter.
 13214 | Gauntlet | Noticed a meliai
 13214 | Gauntlet | Noticed a meliai
 13216 | Gauntlet | Noticed a meliai
 13224 | Gauntlet | Found a transporter.
 13236 | Gauntlet | Noticed an orange crystal statue
 13241 | Gauntlet | Found a transporter.
 13246 | Gauntlet | Found a runed translucent gate.
 13247 | Gauntlet | Found a transporter.
 13247 | Gauntlet | Found a runed translucent gate.
 13248 | Gauntlet | Found a runed translucent gate.
 13250 | Gauntlet | Found a transporter.
 13255 | Gauntlet | Noticed an arcanist
 13440 | Gauntlet | Reached XP level 12. HP: 48/87 MP: 17/17
 13445 | Gauntlet | Found a transporter.
 13565 | Gauntlet | Killed an arcanist
 13569 | Gauntlet | Killed an arcanist
 13704 | Gauntlet | Found a transporter.
 13706 | Gauntlet | Identified the +2 pair of boots of Vaif {Harm}
 13713 | Gauntlet | Identified the +0 demon trident of the Eleven Suns {elec,
                  | ^Fragile MP+9 Str+5 Int+3}
 13718 | Gauntlet | Identified the amulet of Iteostru {^Fragile Regen+ Int+3
                  | Dex+6}
 13718 | Gauntlet | Noticed a minotaur
 13731 | Gauntlet | Killed a minotaur
 13735 | Gauntlet | Found the ring of Shadows {Umbra +Inv Stlth+}
 13747 | Gauntlet | Identified the +2 flail "Turghug" {vamp, Int+4}
 13930 | Lair:2   | Reached **** piety under Lugonu
 13981 | Lair:2   | Noticed a five-headed hydra
 14035 | Lair:2   | Killed a boulder beetle
 14305 | Lair:2   | Found a staircase to the Snake Pit.
 14980 | Lair:3   | Noticed a fire crab
 14987 | Lair:3   | Killed a fire crab
 14988 | Lair:3   | Reached XP level 13. HP: 98/98 MP: 18/18
 15176 | Lair:3   | Reached skill level 8 in Invocations
 15198 | Lair:3   | Noticed a catoblepas
 15214 | Lair:3   | Killed a catoblepas
 15378 | Lair:3   | Reached skill level 9 in Invocations
 15794 | Lair:4   | Reached skill level 10 in Invocations
 15817 | Lair:4   | Reached skill level 5 in Armour
 15917 | Lair:4   | Found a runed translucent door.
 15920 | Lair:4   | Noticed a five-headed hydra
 16009 | Lair:4   | Reached ***** piety under Lugonu
 16554 | Lair:5   | Entered Level 5 of the Lair of Beasts
 16579 | Lair:5   | Reached skill level 11 in Invocations
 16660 | Lair:5   | Found a staircase to the Slime Pits.
 16707 | Lair:5   | Reached XP level 14. HP: 105/105 MP: 22/22
 16835 | Lair:5   | Reached skill level 12 in Invocations
 16835 | Lair:5   | Found a runed translucent door.
 16858 | Lair:5   | Noticed Feocw's ghost (journeyman TrSh)
 17065 | Lair:5   | Reached skill level 13 in Invocations
 17166 | Lair:5   | Reached skill level 15 in Shields
 17170 | Lair:5   | Reached skill level 14 in Invocations
 18123 | D:11     | Found a staircase to the Orcish Mines.
 18156 | D:11     | Identified the +2 pair of gloves of the Rose {rElec}
 18182 | D:11     | Noticed Amaemon
 18193 | D:11     | Killed Amaemon
 18754 | D:11     | Noticed Sonja
 18755 | D:11     | Sonja changed into Sonja the hog
 18755 | D:11     | Noticed Sonja
 18759 | D:11     | Killed Sonja the hog
 18762 | D:11     | Reached ****** piety under Lugonu
 18771 | D:11     | Reached XP level 15. HP: 110/110 MP: 26/26
 18775 | D:11     | Reached skill level 15 in Invocations
 19837 | Orc:1    | Entered Level 1 of the Orcish Mines
 19929 | Orc:2    | Entered Level 2 of the Orcish Mines
 20037 | Orc:2    | Noticed an orc warlord
 20052 | Orc:2    | Killed an orc warlord
 20089 | Orc:2    | Found Wed Heatt's Antique Weapon Emporium.
 20107 | Orc:2    | Found Caewad's Antique Armour Emporium.
 20122 | Orc:2    | Found Goyh's General Store.
 20187 | Orc:2    | Found Caesmota's Book Emporium.
 20193 | Orc:2    | Identified a +6 lajatang of distortion (a +4 lajatang of
                  | electrocution corrupted by Lugonu)
 20193 | Orc:2    | Received a gift from Lugonu
 20210 | Orc:2    | Bought 3 scrolls of enchant weapon for 337 gold pieces
 20229 | Orc:2    | Bought a shiny plate armour for 936 gold pieces
 20380 | Orc:2    | Noticed Saint Roka
 20396 | Orc:2    | Reached skill level 16 in Invocations
 20433 | Orc:2    | Banished Saint Roka
 20910 | Orc:2    | Found a staircase to the Elven Halls.
 21324 | D:13     | Noticed Nessos
 21337 | D:13     | Killed Nessos
 21496 | D:13     | Reached skill level 10 in Fighting
 21653 | D:13     | Reached skill level 17 in Invocations
 21736 | D:13     | Found a gate to the Vaults.
 21997 | Swamp:1  | Entered Level 1 of the Swamp
 22006 | Swamp:1  | Reached XP level 16. HP: 122/122 MP: 28/28
 22169 | Swamp:1  | Found a runed translucent gate.
 22169 | Swamp:1  | Found a runed translucent gate.
 22169 | Swamp:1  | Found a runed translucent gate.
 22170 | Swamp:1  | Noticed KCGemini's ghost (journeyman FeBe)
 22172 | Swamp:1  | Noticed Agye's ghost (adept MiBe)
 22453 | Swamp:1  | Got Jixkom Dacze's Compendium of Windy Arcane Combat
 22469 | Swamp:1  | Found the +2 hat of the Bear Spirit {Spirit, Bear, *Rage
                  | Will++}
 22857 | Swamp:3  | Reached skill level 18 in Invocations
 23114 | Swamp:4  | Entered Level 4 of the Swamp
 23128 | Swamp:4  | Corrupted Swamp:4
 23128 | Swamp:4  | Noticed a lich
 23128 | Swamp:4  | Noticed a tentacled starspawn
 23131 | Swamp:4  | Noticed a thorn hunter
 23135 | Swamp:4  | Killed a thorn hunter
 23294 | Swamp:4  | Noticed a thorn hunter
 23316 | Swamp:4  | Killed a thorn hunter
 23482 | Swamp:4  | Reached skill level 19 in Invocations
 23507 | Swamp:4  | Identified the +0 robe of Muoshasu {rC+ Dex+2 SInv}
 23572 | Swamp:4  | Noticed a thorn hunter
 23589 | Swamp:4  | Killed a thorn hunter
 23796 | Swamp:4  | Reached XP level 17. HP: 100/133 MP: 30/30
 23843 | Swamp:4  | Got a decaying rune of Zot
 23846 | Swamp:4  | Got a mossy gem with 16 turns to spare
 24159 | Snake:1  | Entered Level 1 of the Snake Pit
 24779 | Snake:2  | Reached skill level 20 in Invocations
 25027 | Snake:4  | Entered Level 4 of the Snake Pit
 25271 | Snake:3  | Noticed Roxanne
 25374 | Snake:4  | Noticed Bai Suzhen
 25401 | Snake:3  | Killed Bai Suzhen
 25405 | Snake:3  | Noticed Jorgrun
 25416 | Snake:3  | Killed Jorgrun
 25871 | Snake:4  | Reached skill level 21 in Invocations
 25979 | Snake:4  | Reached XP level 18. HP: 143/143 MP: 32/32
 26214 | Snake:4  | Got a jade gem with 428 turns to spare
 26216 | Snake:4  | Got a serpentine rune of Zot
 26619 | D:14     | Found a runed translucent gate.
 26620 | D:14     | Found a runed translucent gate.
 26620 | D:14     | Noticed Opnastoc's ghost (journeyman MiBe)
 26621 | D:14     | Found a runed translucent gate.
 26758 | D:14     | Found Soragho's Magic Scroll Shop.
 27237 | D:15     | Entered Level 15 of the Dungeon
 27382 | D:15     | Found Ahout's Specific Store.
 27410 | D:15     | Found Geotz's General Store.
 27674 | D:15     | Reached skill level 22 in Invocations
 27690 | D:15     | Found a staircase to the Depths.
 27986 | D:15     | Found the +5 scythe "Finisher" {speed, execute}
 28154 | D:15     | Noticed Azrael
 28177 | D:15     | Killed Azrael
 28480 | Depths:1 | Entered Level 1 of the Depths
 28809 | Depths:1 | Reached XP level 19. HP: 153/153 MP: 34/34
 28966 | Depths:2 | Found a white marble altar of Elyvilon.
 29108 | Depths:2 | Noticed a lich
 29112 | Depths:2 | Killed a lich
 29282 | Depths:3 | Reached skill level 23 in Invocations
 29368 | Depths:4 | Entered Level 4 of the Depths
 29459 | Depths:4 | Noticed a golden dragon
 29476 | Depths:4 | Killed a golden dragon
 29624 | Depths:4 | Noticed a lich
 29635 | Depths:4 | Killed a lich
 29636 | Depths:4 | Reached skill level 15 in Fighting
 29653 | Depths:4 | Found a gate to the Realm of Zot.
 29653 | Depths:4 | Noticed a bone dragon
 29654 | Depths:4 | Corrupted Depths:4
 29655 | Depths:4 | Noticed a bone dragon
 29666 | Depths:4 | Killed a bone dragon
 29947 | Depths:4 | Got a midnight gem with 1685 turns to spare
 30312 | Depths:4 | Found a gateway to Hell.
 30512 | Depths:3 | Noticed a lich
 30589 | Depths:3 | Found Ideggi's Weapon Boutique.
 30591 | Depths:3 | Found Surinoer's Magic Scroll Shop.
 30594 | Depths:3 | Found Diurur's Distillery.
 30619 | Depths:3 | Bought a scroll of fear for 84 gold pieces
 30621 | Depths:3 | Bought a potion of heal wounds for 70 gold pieces
 30680 | Abyss:3  | Cast into level 3 of the Abyss (a deep elf demonologist)
 30734 | Depths:3 | Escaped the Abyss
 30782 | Depths:3 | Found a one-way gate to the infinite horrors of the Abyss.
 30803 | Depths:3 | Killed from afar by a spriggan air mage

Illustrated notes

Levels and vault maps discovered:
D:1:      saegor_arrival_simple_b, layout_basic, serial_shops, shop
D:2:      layout_rooms, uniq_jessica
D:3:      layout_loops_ring, basic_ecumenical_altar, serial_shops, shop,
          nicolae_underground_beach
D:4:      layout_loops_cross
D:5:      layout_gridville, uniq_edmund
D:6:      lemuel_insect_pit, layout_basic,
          nicolae_dithmenos_through_a_glass_darkly,
          nicolae_overflow_hidden_temple, minmay_temple_entry_waves
D:7:      layout_loops_cross, enter_bailey_2
D:8:      layout_gridville, minmay_overflow_temple_star_quad,
          old_standard_altar, erik_lair_island, uniq_maurice
D:9:      layout_loops_cross, kennysheep_mini_moat
D:10:     layout_stronghold, uniq_erolcha
D:11:     layout_roguey, orc_0_dummy, grunt_ministairs_12, uniq_amaemon,
          uniq_sonja
D:12:     layout_basic, serial_rivers, chequers_serial_rivers_room_a,
          chequers_serial_rivers_micro_c, chequers_serial_rivers_small_3,
          chequers_serial_rivers_small_a, ebering_dispersal_statue_hall,
          kennysheep_generic_room_15
D:13:     layout_small_grid, hellmonk_vaults_keyhole, uniq_nessos
D:14:     layout_rooms, serial_shops, nicolae_shop_waterfront,
          skrybe_limestone_x, gammafunk_ghost_split, hangedman_decor_riveting
D:15:     hangedman_depths_entry_try_elsewhere_first, layout_stronghold,
          nicolae_water_bricks, hangedman_abyss_or_decor_lesser_grid,
          roderic_roman_lattice, nicolae_specific_store,
          minmay_guarded_unrand_finisher, uniq_azrael
Lair:1:   layout_gridlike, grunt_megastairs_3, uniq_prince_ribbit2
Lair:2:   layout_loops_ring, minmay_swamp_entry_worms,
          alex1729_snake_entry_snake, gauntlet_entry_generic, st_stairs_12,
          kilobyte_rumbling_trees, grunt_megastairs_1,
          infiniplex_staircase_pool_2
Lair:3:   layout_misc_corridors, cheibrodos_lair_caveside_slide,
          serial_bayou_lagoon_a
Lair:4:   layout_hall_layers, serial_bayou_pond_c, st_stairs_12,
          pf_torpor_hydra, lemuel_fruit_tree
Lair:5:   hangedman_lair_tendril_chambers, layout_big_grid, slime_entry_1,
          hellmonk_ghost_happy_afterlife, portal_ice_cave_demonic_guard
Swamp:1:  layout_basic_swamp, gammafunk_ghost_cemetery,
          nicolae_swamp_well_well_well, nzn_swamp_dancing_lights
Swamp:2:  layout_basic_swamp, evilmike_swamp_ruin_house_4
Swamp:3:  layout_basic_swamp, serial_swamp_ruin, evilmike_swamp_ruin_wall,
          evilmike_swamp_ruin_rubble_1, swamp_pool_5,
          nicolae_swamp_nymph_family_reunion
Swamp:4:  swamp_basic_johnstein, layout_basic_swamp
Snake:1:  layout_grid_shapes, grunt_megastairs_4
Snake:2:  layout_misc_corridors, uniq_aizul, uniq_vashnia
Snake:3:  layout_layer_cave, nicolae_integral_box, uniq_jorgrun, uniq_roxanne
Snake:4:  snake_pit, layout_grid_shapes, uniq_bai_suzhen
Orc:1:    layout_caves
Orc:2:    grunt_orc_cross, layout_caves, uniq_saint_roka
Depths:1: layout_basic, grunt_hell_entry_dis_grunt,
          chequers_serial_rivers_micro_d, hellmonk_ghost_big_iron,
          nicolae_transporter_circle
Depths:2: mu_elemental_laboratory, layout_twisted_cross, enter_ziggurat_e,
          grunt_mini_vestibule, serial_sigils, serial_sigils_hangedman_stare,
          serial_sigils_hangedman_gut, serial_sigils_hangedman_gnaw,
          serial_sigils_hangedman_carve, serial_shops, shop,
          grunt_pan_entry_zigzag, elyvilon_altar_1
Depths:3: minmay_glassy_protrusions, layout_gridlike,
          nicolae_abyss_entry_one_way_or_another, hell_entry,
          minmay_staircase_statues, serial_bayou_shore_b, minmay_shop_star
Depths:4: grunt_zot_entry_funnels, layout_gridlike, hell_entry,
          kennysheep_random_hallway

Skill      XL: |  1  2  3  4  5  6  7  8  9 10 11 12 13 14 15 16 17 18 19 |
---------------+----------------------------------------------------------+-----
Dodging        | 1 3 4 |  4.0
Maces & Flails | 1 |  1.5
Stealth        | 2 |  2.0
Staves         | 1 2 3 4 5 7 8 10 12 13 | 13.9
Evocations     | 4 5 6 7 8 |  8.0
Fighting       | 2 5 8 10 11 13 14 15 | 15.3
Invocations    | 1 3 4 5 6 7 11 14 17 19 21 22 23 | 23.8
Shields        | 3 8 10 12 13 15 16 18 19 20 21 | 21.2
Armour         | 6 7 |  7.0
Axes           | |  0.1

Action                     |  1- 3 |  4- 6 |  7- 9 | 10-12 | 13-15 | 16-18 | 19-21 || total
---------------------------+-------+-------+-------+-------+-------+-------+-------++-------
  Melee: Club              |    62 |       |       |       |       |       |       ||    62
         Punch             |     1 |     2 |     4 |       |       |       |       ||     7
         Quarterstaff      |    11 |    96 |   207 |       |       |       |       ||   314
         Hand axe          |     6 |       |       |       |       |       |       ||     6
         Lajatang          |       |       |    62 |   480 |   938 |   943 |   274 ||  2697
   Fire: Orcbow            |       |       |    19 |       |       |       |       ||    19
  Throw: Boomerang         |       |       |     5 |     1 |       |       |       ||     6
         Dart              |       |       |    52 |    24 |     4 |     1 |       ||    81
 Invoke: Banish            |       |       |       |     4 |       |    12 |     4 ||    20
         Brand Weapon With |       |       |       |       |     1 |       |       ||     1
         Corrupt           |       |       |       |       |       |     1 |     1 ||     2
         Depart the Abyss  |       |       |       |       |       |       |     1 ||     1
Ability: Dig               |       |       |       |       |     7 |     4 |     1 ||    12
         Shaft Self        |       |       |       |       |       |       |     2 ||     2
  Evoke: Wand              |     5 |     8 |    14 |    17 |     6 |    30 |    10 ||    90
    Use: Scroll            |       |     2 |     7 |     8 |    18 |     2 |       ||    37
         Potion            |       |       |     4 |       |     1 |     7 |     2 ||    14
   Stab: Sleeping          |       |     2 |     3 |     1 |       |       |       ||     6
         Invisible         |       |       |       |     2 |     2 |     3 |       ||     7
         Distracted        |       |       |       |     1 |       |       |     1 ||     2
 Armour: Leather armour    |    12 |       |   171 |    70 |       |       |       ||   253
         Ring mail         |    22 |    26 |       |       |       |       |       ||    48
         Chain mail        |       |    29 |       |       |       |       |       ||    29
         Skin              |       |       |    21 |       |       |       |       ||    21
         Plate armour      |       |       |       |   139 |   321 |   491 |   103 ||  1054
  Dodge: Dodged            |    58 |    34 |   141 |    81 |   115 |   119 |    34 ||   582
  Block: Tower shield      |       |       |    17 |   370 |   713 |   889 |   202 ||  2191
